 Dungeon Crawl Stone Soup version 0.21-a0-480-g5da0f0d (webtiles) character file.

12402 slep the Basher (level 11, 0/95 HPs)
             Began as a Minotaur Gladiator on Nov 23, 2017.
             Was the Champion of Okawaru.
             Slain by an ettin
             ... wielding a +0 dire flail
              (4 damage)
             ... on level 9 of the Dungeon.
             The game lasted 01:15:55 (10075 turns).

slep the Basher (Minotaur Gladiator)               Turns: 10075, Time: 01:15:56

Health: 0/95       AC: 18    Str: 19      XL:     11   Next: 62%
Magic:  0/10       EV:  8    Int:  3 (5)  God:    Okawaru [******]
Gold:   584        SH: 10    Dex: 15      Spells: 10/10 levels left

rFire    + . .     SeeInvis .   a - +2 whip (elec)
rCold    . . .     Gourm    .   A - -1 shield
rNeg     . . .     Faith    .   x - +2 plate armour {rF+}
rPois    .         Spirit   +   c - +1 hat
rElec    .         Reflect  .   R - +0 cloak
rCorr    .         Harm     .   (no gloves)
MR       .....                  (no boots)
Stlth    ..........             K - amulet of guardian spirit
HPRegen  0.25/turn              O - ring "Xesocham" {+Blink Stlth+}
MPRegen  0.12/turn              y - ring of flight

@: starving
A: retaliatory headbutt, horns 2
a: Heroism, Finesse, Renounce Religion, Evoke Blink, Evoke Flight


You were on level 9 of the Dungeon.
You worshipped Okawaru.
Okawaru was exalted by your worship.
You were starving.

You visited 3 branches of the dungeon, and saw 12 of its levels.

You collected 720 gold pieces.
You spent 136 gold pieces at shops.

Inventory:

Hand Weapons
 a - a +2 whip of electrocution (weapon)
 b - a +0 blowgun
 d - a +1 flail of holy wrath
 j - a +2 war axe of holy wrath
 q - a +1 flail of freezing
 H - a +0 trident of venom
 M - a +0 trident of flaming
Missiles
 n - 9 tomahawks
 E - 42 poisoned needles
 P - 2 poisoned javelins
 V - 4 poisoned tomahawks (quivered)
 Y - 4 javelins of returning
 Z - 3 needles of sleeping
Armour
 c - a +1 hat (worn)
 m - the +1 ring mail of Osiu {rN+}
   (Okawaru gifted it to you on level 10 of the Dungeon)

   It protects you from negative energy.
 x - a +2 plate armour of fire resistance (worn)
 A - a -1 shield (worn)
 N - the +2 scale mail "Juhilus" {*Drain +Inv rElec Str-4 Dex+9}
   (You found it on level 7 of the Dungeon)

   It affects your strength (-4).
   It affects your dexterity (+9).
   It insulates you from electricity.
   It lets you turn invisible.
   It causes draining when unequipped.
 R - a +0 cloak (worn)
 T - a +2 ring mail of fire resistance
Jewellery
 r - an uncursed ring of ice
 y - a ring of flight (right hand)
 C - an uncursed ring of teleportation
 K - an amulet of guardian spirit (around neck)
 O - the ring "Xesocham" (left hand) {+Blink Stlth+}
   (You found it on level 6 of the Dungeon)

   [ring of stealth]

   It lets you blink.
   It makes you more stealthy.
Wands
 i - a wand of digging (14)
 B - a wand of scattershot (4)
 W - a wand of clouds (3)
Scrolls
 e - 2 scrolls of fear
 g - 4 scrolls of remove curse
 h - 8 scrolls of teleportation
 l - 7 scrolls of identify
 o - a scroll of enchant armour
 v - 2 scrolls of random uselessness
 z - 4 scrolls of immolation
 D - a scroll of blinking {unknown}
 G - a scroll of noise {unknown}
 L - a scroll of amnesia
Potions
 k - 3 potions of berserk rage
 s - a potion of brilliance
 t - a potion of agility
Comestibles
 f - 10 bread rations
 p - 16 fruits
 u - 4 meat rations
 w - 7 royal jellies


   Skills:
 + Level 8.9 Fighting
   Level 6.6 Long Blades
 + Level 11.6 Maces & Flails
 + Level 1.0 Polearms
 + Level 6.0 Throwing
 + Level 8.9 Armour
 + Level 7.2 Dodging
 + Level 1.3 Stealth
 + Level 8.7 Shields


You had 10 spell levels left.
You didn't know any spells.

Dungeon Overview and Level Annotations

Branches:
Dungeon (10/15)            Temple (1/1) D:4            Lair (0/6) D:10
    Orc (1/2) D:9

Altars:
Ashenzari
Dithmenos
Elyvilon
Fedhas
Gozag
Hepliaklqana
Kikubaaqudgha
Makhleb
Nemelex Xobeh
Okawaru
Qazlal
Ru
Sif Muna
Trog
Uskayaw
Vehumet
Wu Jian
Yredelemnul
Zin

Shops:
D:3 *   D:4 *:


Innate Abilities, Weirdness & Mutations

You reflexively headbutt those who attack you in melee.
You have a pair of horns on your head.


Message History

a leather armour; a club; a hand axe; an orc skeleton
There is a staircase to the Orcish Mines, spattered with blood here.
You climb downwards.
Welcome back to the Orcish Mines!
The orc wizard shouts!
You block the orc warrior's attack.
The orc wizard hits you but does no damage.
You block the orc warrior's attack.
There is a staircase back to the Dungeon, spattered with blood here.
You see here 6 tomahawks.
The orc wizard barely misses you. The ettin hits you with a dire flail!!
You block the ettin's attack. You block the orc warrior's attack.
You climb upwards.
Welcome back to the Dungeon!
There is a staircase to the Orcish Mines, spattered with blood here.
The ettin misses you. The ettin hits you with a dire flail!
* * * LOW HITPOINT WARNING * * *
You block the orc warrior's attack. The ettin hits you with a dire flail!!
* * * LOW HITPOINT WARNING * * *
The ettin hits you with a dire flail.
You die...

#......'.##........#####.....###
#......#..#........# #........
##......##.'.[......# #........
.'......####........# #........
##......# #..#####.# #........
####'### #..#...#.# #........ #.#
##'#[>.### ######.## #.# #.#oCo#
##.# #####'##### ####@## #..#
..........# #8.8## #####.###
..........# #..#.## #...<....
..........#####.....## #....)...
..........##.......#.# #....(...
.........##..........# #........
........####.........## #........
........#.............###........
..........#.##)[......#..........


You could see an ettin, an orc warrior and an orc wizard.

Vanquished Creatures
  An orc warlord (D:8)
  2 two-headed ogres
  An unseen horror (D:8)
  Pikel (D:6)
  An orc sorcerer (Orc:1)
  Joseph (D:10)
  Psyche (D:10)
  3 trolls
  Prince Ribbit (D:8)
  6 yaks
  3 hogs (D:8)
  2 wyverns
  Eustachio (D:6)
  A human (D:8)
  A hungry ghost (D:8)
  4 wargs
  Duvessa (D:6)
  3 orc warriors
  3 ice beasts
  An eye of draining (D:10)
  2 phantoms
  A slave (D:6)
  A sky beast (D:8)
  A black bear (D:5)
  5 ogres
  4 centaurs
  A crocodile (D:10)
  5 bullfrogs
  Dowan (D:6)
  A scorpion (D:8)
  9 killer bees
  3 wights (D:6)
  2 howler monkeys (D:7)
  5 crimson imps
  2 centaur zombies
  A quasit (D:6)
  4 bullfrog skeletons
  5 hounds
  12 orc wizards
  4 jellies
  6 orc priests
  2 centaur skeletons
  3 iguanas
  5 worker ants
  2 hound skeletons
  Robin (D:2)
  3 gnolls (D:8)
  A howler monkey skeleton (D:8)
  6 adders
  2 oozes
  3 adder skeletons
  6 worms
  5 dart slugs (D:1)
  5 leopard geckos
  55 orcs
  4 bats
  6 giant cockroaches
  2 gnoll zombies (D:2)
  14 goblins
  5 hobgoblins
  11 jackals
  5 kobolds
  4 quokkas
  A ball python (D:7)
  6 frilled lizards
  A jackal skeleton (D:4)
  A leopard gecko skeleton (D:6)
  A quokka skeleton (D:5)
  11 rats
284 creatures vanquished.

Vanquished Creatures (others)
  A goblin (D:2)
1 creature vanquished.

Grand Total: 285 creatures vanquished

Notes
Turn   | Place    | Note
-------+----------+-------------------------------------------
     0 | D:1      | slep the Minotaur Gladiator began the quest for the Orb.
     0 | D:1      | Reached XP level 1. HP: 18/18 MP: 0/0
    76 | D:1      | Reached XP level 2. HP: 25/25 MP: 1/1
   298 | D:1      | Reached XP level 3. HP: 30/30 MP: 2/2
   672 | D:2      | Noticed Robin
   793 | D:2      | Killed Robin
   793 | D:2      | Reached skill level 1 in Armour
   798 | D:2      | Found a hide-covered altar of Uskayaw.
  1179 | D:2      | Reached XP level 4. HP: 37/37 MP: 3/3
  1268 | D:2      | You fall through a shaft for 2 floors!
  1276 | D:4      | Noticed an ogre
  1287 | D:4      | Killed an ogre
  1287 | D:4      | Reached skill level 5 in Long Blades
  1287 | D:4      | Reached XP level 5. HP: 36/45 MP: 4/4
  1486 | D:4      | Found Idiqiywe's Book Emporium.
  1817 | D:4      | Found Fifudd's Assorted Antiques.
  1823 | D:4      | Bought a viscous pink potion for 26 gold pieces
  1823 | D:4      | Bought a fizzy inky potion for 26 gold pieces
  1823 | D:4      | Bought a scroll labeled ROKHLU ERULEUF for 29 gold pieces
  1922 | D:4      | Found a staircase to the Ecumenical Temple.
  1932 | Temple   | Entered the Ecumenical Temple
  1945 | Temple   | Became a worshipper of Warmaster Okawaru
  2277 | D:3      | Found an opulent altar of Gozag.
  2282 | D:3      | Found Gozag's Platinum Reserve.
  2432 | D:2      | Found a sparkling altar of Nemelex Xobeh.
  2814 | D:2      | Found a basalt altar of Yredelemnul.
  3112 | D:2      | Found a glowing silver altar of Zin.
  3252 | D:3      | Found a burning altar of Makhleb.
  3618 | D:3      | Found a shadowy altar of Dithmenos.
  3776 | D:4      | Bought a sedimented ruby potion for 26 gold pieces
  3776 | D:4      | Bought a scroll labeled YMMABRENTA for 29 gold pieces
  3804 | D:5      | Entered Level 5 of the Dungeon
  3812 | D:5      | Noticed a centaur
  3820 | D:5      | Killed a centaur
  3820 | D:5      | Reached XP level 6. HP: 50/52 MP: 5/5
  3838 | D:5      | Reached * piety under Okawaru
  3838 | D:5      | Reached skill level 1 in Maces & Flails
  3841 | D:5      | Reached skill level 1 in Shields
  3922 | D:5      | Found a sparkling altar of Nemelex Xobeh.
  4044 | D:5      | Reached skill level 2 in Maces & Flails
  4215 | D:5      | Reached XP level 7. HP: 58/58 MP: 6/6
  4324 | D:5      | Found a radiant altar of Vehumet.
  4345 | D:5      | Reached skill level 3 in Maces & Flails
  4658 | D:6      | Reached skill level 4 in Maces & Flails
  4692 | D:6      | Got a twitching pewter ring
  4741 | D:6      | Noticed Pikel
  4753 | D:6      | Killed Pikel
  4753 | D:6      | Reached ** piety under Okawaru
  4753 | D:6      | Reached skill level 5 in Fighting
  4753 | D:6      | Reached skill level 5 in Maces & Flails
  4753 | D:6      | Reached XP level 8. HP: 68/68 MP: 7/7
  4821 | D:6      | Found a blossoming altar of Fedhas.
  4909 | D:6      | Noticed Eustachio
  5005 | D:6      | Killed Eustachio
  5005 | D:6      | Reached skill level 6 in Maces & Flails
  5206 | D:6      | Noticed Duvessa
  5207 | D:6      | Noticed Dowan
  5217 | D:6      | Reached skill level 7 in Maces & Flails
  5227 | D:6      | Killed Duvessa
  5231 | D:6      | Killed Dowan
  5231 | D:6      | Reached skill level 5 in Dodging
  5476 | D:7      | Noticed Prince Ribbit
  5511 | D:7      | Reached skill level 5 in Shields
  5533 | D:7      | Reached XP level 9. HP: 59/75 MP: 8/8
  5551 | D:7      | Reached *** piety under Okawaru
  5551 | D:7      | Reached skill level 8 in Maces & Flails
  5661 | D:7      | Reached skill level 5 in Armour
  5711 | D:7      | Noticed a troll
  5719 | D:7      | Killed a troll
  5936 | D:7      | Reached **** piety under Okawaru
  5936 | D:7      | Reached skill level 9 in Maces & Flails
  5975 | D:7      | Got a fine scale mail
  5989 | D:7      | Identified the +2 scale mail "Juhilus" {*Drain +Inv rElec Str-4 Dex+9} (You found it on level 7 of the Dungeon)
  6211 | D:8      | Noticed a two-headed ogre
  6238 | D:8      | Killed a two-headed ogre
  6238 | D:8      | Reached skill level 1 in Polearms
  6249 | D:8      | Reached XP level 10. HP: 46/84 MP: 6/9
  6384 | D:8      | Reached skill level 5 in Throwing
  6427 | D:8      | Killed an unseen horror
  6427 | D:8      | Reached ***** piety under Okawaru
  6597 | D:8      | Reached skill level 10 in Maces & Flails
  6851 | D:8      | Killed Prince Ribbit
  7372 | D:9      | Found a stormy altar of Qazlal.
  7372 | D:9      | Found a white marble altar of Elyvilon.
  7390 | D:9      | Noticed a two-headed ogre
  7395 | D:9      | Killed a two-headed ogre
  7395 | D:9      | Received a gift from Okawaru
  7584 | D:9      | Found a staircase to the Orcish Mines.
  7598 | Orc:1    | Entered Level 1 of the Orcish Mines
  7598 | Orc:1    | Noticed an orc sorcerer
  7599 | Orc:1    | Noticed an orc warlord
  7604 | Orc:1    | Killed an orc sorcerer
  7604 | Orc:1    | Reached XP level 11. HP: 86/94 MP: 10/10
  7789 | D:9      | Received a gift from Okawaru
  7823 | D:9      | Identified the ring "Xesocham" {+Blink Stlth+} (You found it on level 6 of the Dungeon)
  8038 | D:9      | Found an ancient bone altar of Kikubaaqudgha.
  8040 | D:9      | Found a bloodstained altar of Trog.
  8160 | D:10     | Entered Level 10 of the Dungeon
  8160 | D:10     | Noticed Psyche
  8170 | D:10     | Killed Psyche
  8170 | D:10     | Reached skill level 1 in Stealth
  8222 | D:10     | Received a gift from Okawaru
  8230 | D:10     | Reached ****** piety under Okawaru
  8230 | D:10     | Reached skill level 11 in Maces & Flails
  8246 | D:10     | Got a twisted ring mail {god gift}
  8257 | D:10     | Identified the +1 ring mail of Osiu {rN+} (Okawaru gifted it to you on level 10 of the Dungeon)
  8528 | D:10     | HP: 3/95 [orc priest/divine providence (10)]
  8539 | D:10     | Noticed Joseph
  8546 | D:10     | HP: 4/95 [troll (3)]
  8856 | D:10     | Found a staircase to the Lair.
  8888 | D:10     | Killed Joseph
  9566 | Orc:1    | Noticed an ettin
  9951 | D:8      | Killed an orc warlord
 10075 | D:9      | HP: 4/95 [ettin/dire flail (23)]
 10075 | D:9      | Slain by an ettin

Vault maps used:
D:1:      onia_arrival_larder
D:2:      lemuel_zombie_altar_yredelemnul, eat_drink_and_be_merry_uskayaw,
          marbit_many_paths, nemelex_dance_club_becter, uniq_robin
D:3:      lemuel_round_altar, nicolae_gozag_zags_fifth_avenue, first_bread,
          grunt_dithmenos_smoke
D:4:      temple_statues, serial_shops,
          nicolae_shop_temple_entry_statues_fountains, shop, dk_noncrumbling_3
D:5:      nemelex_xobeh_ov_fountains_minmay, overflow_temple_1_default,
          st_stairs_9
D:6:      fedhas_altar_2, uniq_duvessa, uniq_pikel, uniq_eustachio
D:7:      uniq_prince_ribbit1
D:8:      grunt_livestock
D:9:      nicolae_overflow_hidden_temple, gammafunk_temple_overflow_elements,
          hiddenorc1_lemuel
D:10:     erik_lair_orcish_takeover, kennysheep_diamond, uniq_psyche,
          uniq_joseph
Temple:   dpeg_three_leaves_temple
Orc:1:    nicolae_orc_crystal_geode

Skill      XL: |  1  2  3  4  5  6  7  8  9 10 11 |
---------------+----------------------------------+-----
Long Blades    | 4 5 6 |  6.6
Armour         | 1 2 4 5 8 |  8.9
Dodging        | 4 5 6 7 |  7.2
Fighting       | 3 5 6 7 8 |  8.9
Maces & Flails | 2 5 7 9 10 11 | 11.6
Shields        | 2 4 5 6 7 8 |  8.7
Throwing       | 4 5 6 |  6.0
Polearms       | 1 |  1.0
Stealth        | 1 |  1.3

Action                   |  1- 3 |  4- 6 |  7- 9 | 10-12 || total
-------------------------+-------+-------+-------+-------++-------
Melee: Long sword        |    59 |   103 |       |       ||   162
       Headbutt          |    12 |    41 |    56 |   110 ||   219
       Flail             |       |    56 |   254 |   111 ||   421
       Whip              |       |       |    73 |   286 ||   359
       Trident           |       |       |     5 |       ||     5
 Fire: Blowgun           |       |       |    16 |    27 ||    43
Throw: Tomahawk          |       |       |     5 |    17 ||    22
       Throwing net      |       |       |     3 |     2 ||     5
       Javelin           |       |       |       |     2 ||     2
  Use: Potion            |       |     2 |     1 |    11 ||    14
       Scroll            |       |       |       |    12 ||    12
 Stab: Sleeping          |     1 |       |       |       ||     1
       Held in net/web   |       |       |       |     1 ||     1
  Eat: Chunk             |       |    10 |     7 |    10 ||    27
       Fruit             |       |       |       |     1 ||     1
Armor: Leather armour    |    16 |    15 |       |       ||    31
       Skin              |       |     1 |    23 |       ||    24
       Chain mail        |       |    47 |    70 |       ||   117
       Robe              |       |       |    17 |       ||    17
       Ring mail         |       |       |    29 |    36 ||    65
       Scale mail        |       |       |       |    41 ||    41
       Plate armour      |       |       |       |     2 ||     2
Dodge: Dodged            |    58 |    64 |   121 |   137 ||   380
Block: Shield            |       |    42 |   142 |   124 ||   308
       Rpst.: Long sword |     9 |    15 |       |       ||    24

Table legend:
 A = Spawn XP
 B = Non-spawn XP
 C = Spawn XP percentage of total XP
 D = Spawn monster count
 E = Non-spawn monster count
 F = Spawn count percentage of total count
 G = Total turns spent on level
                    A         B        C        D         E        F      G
               +---------+---------+-------+---------+---------+-------+---------
         Total |       0 |   17718 |   0.0 |       0 |     283 |   0.0 | 10075
               +---------+---------+-------+---------+---------+-------+---------
           D:1 |       0 |      69 |   0.0 |       0 |      36 |   0.0 |   793
           D:2 |       0 |      64 |   0.0 |       0 |      22 |   0.0 |  1393
           D:3 |       0 |      56 |   0.0 |       0 |      16 |   0.0 |   716
           D:4 |       0 |     184 |   0.0 |       0 |      15 |   0.0 |   868
           D:5 |       0 |     519 |   0.0 |       0 |      16 |   0.0 |   819
           D:6 |       0 |    1661 |   0.0 |       0 |      19 |   0.0 |   837
           D:7 |       0 |    1975 |   0.0 |       0 |      39 |   0.0 |   729
           D:8 |       0 |    5928 |   0.0 |       0 |      33 |   0.0 |  1592
           D:9 |       0 |    2609 |   0.0 |       0 |      43 |   0.0 |  1150
          D:10 |       0 |    4039 |   0.0 |       0 |      38 |   0.0 |  1102
        Temple |       0 |       4 |   0.0 |       0 |       2 |   0.0 |    34
         Orc:1 |       0 |     610 |   0.0 |       0 |       4 |   0.0 |    42
               +---------+---------+-------+---------+---------+-------+---------
